[Event "Titled Tuesday Blitz March 29 Early 2022"]
[White "Cupid, Kevin"]
[Black "Khamzin, Olzhas"]
[WhiteFideId "7700512"]
[BlackFideId "13701690"]
[WhiteElo "2096"]
[BlackElo "2194"]
[Result "0-1"]
[Round "01"]
[TimeControl "180+1"]
[Date "2022.03.30"]
[WhiteClock "0:00:10"]
[BlackClock "0:00:56"]

1. d4 Nf6 2. c4 c5 3. dxc5 e6 4. Nf3 Bxc5 5. e3 O-O 6. Nc3 Nc6 7. a3 d5 8. Be2 dxc4 9. Bxc4 a6 10. b4 Ba7 11. Bb3 b5 12. O-O Bb7 13. Bb2 Qe7 14. Qe2 Rfd8 15. Rad1 h6 16. Rxd8+ Rxd8 17. Rd1 Bb6 18. h3 Qc7 19. Rxd8+ Qxd8 20. Qd1 Qxd1+ 21. Nxd1 Ne4 22. Kf1 Ne7 23. Ke2 Nd5 24. Nd4 Nd6 25. f3 a5 26. bxa5 Bxa5 27. Nc2 Nc4 28. Bc1 Ba6 29. Kf2 Nd2 30. Bxd5 exd5 31. Bxd2 Bxd2 32. Nb4 Bb7 33. Ke2 Bc1 34. Nc2 Ba6 35. Kf2 f5 36. Nc3 f4 37. Nxd5 fxe3+ 38. Ndxe3 Bb2 39. Ke1 Bb7 40. Kd2 g5 41. Nd1 Be5 42. Nb4 Bc8 43. Nd3 Bd6 44. Nb4 Bd7 45. Nc3 Kg7 46. Ke3 Bc5+ 47. Kd3 Bf5+ 48. Ne4 Bg1 49. g4 Bg6 50. Nd5 Bh2 51. Kc3 Be8 52. Nc7 Bxc7 53. Kb4 Kf7 54. Kc5 Ke6 55. Nc3 Bd6+ 56. Kb6 Bxa3 57. Ne4 Ke5 0-1


[Site "https://www.chess.com"]

[Event "Titled Tuesday Blitz March 29 Early 2022"]
[White "Czerw, Dawid"]
[Black "Zhao, Jun"]
[WhiteFideId "1145746"]
[BlackFideId "8602522"]
[WhiteElo "2125"]
[BlackElo "2547"]
[Result "0-1"]
[Round "01"]
[TimeControl "180+1"]
[Date "2022.03.29"]
[WhiteClock "0:00:22"]
[BlackClock "0:00:54"]

1. d4 Nf6 2. c4 e6 3. Nc3 Bb4 4. f3 d5 5. a3 Bxc3+ 6. bxc3 O-O 7. e3 c5 8. cxd5 exd5 9. Bd3 b6 10. Ne2 Ba6 11. O-O Re8 12. Ng3 Bxd3 13. Qxd3 Nc6 14. Ra2 Rc8 15. Re2 Qd7 16. Bb2 Rcd8 17. Nf5 g6 18. Ng3 h5 19. h3 h4 20. Nh1 Nh5 21. Rd1 c4 22. Qd2 f5 23. Rde1 Qd6 24. e4 Nf4 25. e5 Nxe2+ 26. Rxe2 Qe7 27. Bc1 Rb8 28. Qh6 Qh7 29. Qg5 Nd8 30. Nf2 Ne6 31. Qd2 b5 32. Qc2 a5 33. Nd1 b4 34. axb4 axb4 35. Ne3 Red8 36. Bd2 b3 37. Qb1 Ra8 38. Be1 Rd7 39. Qc1 Nf4 40. Rd2 Rda7 41. Qd1 Ra1 0-1


[Site "https://www.chess.com"]

[Event "Titled Tuesday Blitz March 29 Early 2022"]
[White "Dejmek, Mark"]
[Black "Yaniuk, Volodymyr"]
[WhiteFideId "2017628"]
[BlackFideId "14133083"]
[WhiteElo "2249"]
[BlackElo "2207"]
[Result "1/2-1/2"]
[Round "01"]
[TimeControl "180+1"]
[Date "2022.03.30"]
[WhiteClock "0:00:06"]
[BlackClock "0:00:06"]

1. Nf3 d5 2. c4 e6 3. g3 Nf6 4. Bg2 dxc4 5. Na3 Bxa3 6. Qa4+ Nbd7 7. Qxa3 Qe7 8. Qxe7+ Kxe7 9. b3 cxb3 10. Ba3+ c5 11. axb3 Nd5 12. d4 Nb4 13. Kd2 Rd8 14. Rhc1 Rb8 15. dxc5 Nxc5+ 16. Ke1 Nca6 17. Ne5 Kf6 18. f4 Nd5 19. Be4 g6 20. Bb2 Ke7 21. Ba3+ Kf6 22. Bb2 Ke7 23. Ba3+ Ke8 24. Bd3 Bd7 25. Nxd7 Rxd7 26. Bb5 Rd8 27. e4 Ndc7 28. Bxd7+ Rxd7 29. Rd1 b6 30. Rxd7 Kxd7 31. Rd1+ Kc6 32. f5 gxf5 33. exf5 Nd5 34. fxe6 fxe6 35. Rc1+ Kd7 36. Rd1 Nc7 37. Kf2 Nb5 38. Bb2 Nd6 39. Kf3 a5 40. Kg4 b5 41. h4 a4 42. bxa4 bxa4 43. Rd3 1/2-1/2


[Site "https://www.chess.com"]

[Event "Titled Tuesday Blitz March 29 Early 2022"]
[White "Delaney, Killian"]
[Black "Hernandez Jimenez, Alexander Andres"]
[WhiteFideId "2501570"]
[BlackFideId "3900452"]
[WhiteElo "2306"]
[BlackElo "2082"]
[Result "0-1"]
[Round "01"]
[TimeControl "180+1"]
[Date "2022.03.30"]
[WhiteClock "0:00:26"]
[BlackClock "0:01:06"]

1. e4 c5 2. Nf3 d6 3. Nc3 Nc6 4. Bb5 Bd7 5. O-O Nf6 6. Re1 e6 7. d4 cxd4 8. Nxd4 Be7 9. Bg5 O-O 10. Nxc6 bxc6 11. Bf1 Qc7 12. Qd2 Rab8 13. b3 Rfd8 14. Rad1 Be8 15. h3 e5 16. Be3 Bd7 17. f4 exf4 18. Bxf4 Be6 19. Qf2 Qa5 20. Na4 h6 21. c4 Nh7 22. Be3 Rd7 23. Rd2 Rbd8 24. Red1 Bg5 25. Be2 Qe5 26. Bf3 Bxe3 27. Qxe3 Ng5 28. Nb2 d5 29. cxd5 cxd5 30. Nd3 Qg3 31. Kf1 dxe4 32. Nf4 Rxd2 33. Rxd2 Rxd2 34. Qxd2 exf3 35. Qd8+ Kh7 36. Qd2 fxg2+ 37. Kg1 Nf3# 0-1


[Site "https://www.chess.com"]

[Event "Titled Tuesday Blitz March 29 Early 2022"]
[White "Delorme, Alban"]
[Black "Chen, Qi b"]
[WhiteFideId "623636"]
[BlackFideId "8614733"]
[WhiteElo "2197"]
[BlackElo "2432"]
[Result "0-1"]
[Round "01"]
[TimeControl "180+1"]
[Date "2022.03.30"]
[WhiteClock "0:00:04"]
[BlackClock "0:00:09"]

1. e4 c5 2. Nf3 Nc6 3. d4 cxd4 4. Nxd4 Nf6 5. Nc3 e5 6. Ndb5 d6 7. Nd5 Nxd5 8. exd5 Ne7 9. c4 Ng6 10. Qa4 Bd7 11. Qb4 Qb8 12. h4 h5 13. Bg5 f6 14. Be3 f5 15. Bg5 a6 16. Nc3 Be7 17. Be2 Qc7 18. Rc1 Rc8 19. Qb3 e4 20. Qd1 Bxg5 21. hxg5 h4 22. Bh5 Kf7 23. Rxh4 Qd8 24. Bxg6+ Kxg6 25. Rxh8 Qxh8 26. Ne2 Qh1+ 27. Kd2 Qxd1+ 28. Kxd1 Kxg5 29. Nd4 Kf6 30. Kd2 g5 31. b4 Ke5 32. Nb3 b5 33. Na5 f4 34. Rh1 bxc4 35. Kc3 Kxd5 36. Rh5 Rg8 37. Nxc4 Bg4 38. Rh6 Be6 39. Nb6+ Ke5 40. a4 d5 41. b5 axb5 42. axb5 d4+ 43. Kb4 d3 44. Nc4+ Bxc4 45. Kxc4 d2 46. Rh1 Rc8+ 47. Kb4 e3 48. fxe3 fxe3 49. b6 e2 50. Rh7 e1=Q 51. Re7+ Kd6 52. Rxe1 dxe1=Q+ 53. Kb5 Rc5+ 54. Ka6 Qa5+ 55. Kb7 Rc6 56. g4 Rxb6+ 57. Kc8 Qa8# 0-1


[Site "https://www.chess.com"]

[Event "Titled Tuesday Blitz March 29 Early 2022"]
[White "Demchenko, Anton"]
[Black "Ilyasli, Ughur"]
[WhiteFideId "4160258"]
[BlackFideId "13416197"]
[WhiteElo "2539"]
[BlackElo "2045"]
[Result "1-0"]
[Round "01"]
[TimeControl "180+1"]
[Date "2022.03.30"]
[WhiteClock "0:00:56"]
[BlackClock "0:00:01"]

1. e4 c5 2. Nf3 d6 3. d4 cxd4 4. Nxd4 Nf6 5. Nc3 a6 6. Be2 e5 7. Nb3 Be7 8. O-O O-O 9. Qd3 b5 10. a4 Bb7 11. axb5 axb5 12. Qxb5 Rxa1 13. Nxa1 Bxe4 14. Nxe4 Nxe4 15. c3 Nd7 16. Nc2 f5 17. Nb4 Ndc5 18. Nc6 Qe8 19. Nxe7+ Qxe7 20. Rd1 f4 21. Qc4+ Kh8 22. Bf3 Ng5 23. Bd5 f3 24. Qg4 Nce6 25. h4 fxg2 26. Bxg5 Nxg5 27. Qxg5 Qa7 28. Qe3 Qa5 29. Bxg2 Qa2 30. Qd2 h6 31. Qxd6 Rg8 32. Bd5 1-0


[Site "https://www.chess.com"]

[Event "Titled Tuesday Blitz March 29 Early 2022"]
[White "Demin, Vladimir"]
[Black "Maghsoodloo, Parham"]
[WhiteFideId "4167457"]
[BlackFideId "12539929"]
[WhiteElo "2500"]
[BlackElo "2630"]
[Result "0-1"]
[Round "01"]
[TimeControl "180+1"]
[Date "2022.03.29"]
[WhiteClock "0:00:06"]
[BlackClock "0:01:36"]

1. e4 c5 2. Nf3 d6 3. d4 cxd4 4. Qxd4 Nf6 5. Nc3 Nc6 6. Bb5 Bd7 7. Bxc6 Bxc6 8. Bg5 Qb6 9. O-O-O Qxd4 10. Rxd4 Nd7 11. Rhd1 h6 12. Be3 g5 13. Nd5 Rc8 14. Rc4 a6 15. Nd4 e6 16. Nb4 Ne5 17. Rc3 Bd7 18. Rxc8+ Bxc8 19. Nb3 Be7 20. Bd4 f6 21. Bxe5 fxe5 22. Nd3 g4 23. Kd2 h5 24. Ke2 h4 25. c4 b6 26. a4 a5 27. Nd2 h3 28. g3 Bb7 29. Ne1 Bg5 30. Nc2 Bxd2 31. Rxd2 Bxe4 32. Ne3 Bf3+ 33. Kd3 Kd7 34. Kc3 Rf8 35. b4 Kc6 36. b5+ Kc5 37. Nc2 d5 38. cxd5 exd5 39. Kb3 d4 40. Ne1 Bd5+ 41. Ka3 e4 42. Rc2+ Bc4 43. Rd2 d3 44. Kb2 Kb4 0-1


[Site "https://www.chess.com"]

[Event "Titled Tuesday Blitz March 29 Early 2022"]
[White "Derraugh, Geordie"]
[Black "Korchmar, Vasiliy"]
[WhiteFideId "2603950"]
[BlackFideId "24131750"]
[WhiteElo "2116"]
[BlackElo "2370"]
[Result "0-1"]
[Round "01"]
[TimeControl "180+1"]
[Date "2022.03.30"]
[WhiteClock "0:00:04"]
[BlackClock "0:00:26"]

1. e4 c5 2. c3 Nf6 3. e5 Nd5 4. d4 cxd4 5. Nf3 e6 6. cxd4 d6 7. Nc3 Nxc3 8. bxc3 Qc7 9. Bd2 Nd7 10. exd6 Bxd6 11. Bd3 b6 12. O-O Bb7 13. Re1 O-O 14. h3 Rae8 15. Qc2 h6 16. Be4 e5 17. Bxb7 Qxb7 18. Nh4 exd4 19. cxd4 Qd5 20. Nf5 Nf6 21. Rad1 Re6 22. Rxe6 fxe6 23. Nxd6 Qxd6 24. Re1 Nd5 25. Qe4 Rf6 26. Qg4 Ne7 27. Rc1 Nf5 28. Be3 Kh7 29. Qe4 Qa3 30. g4 Rg6 31. Rc6 Qxa2 32. Kg2 Nxe3+ 33. Qxe3 Qd5+ 34. Qf3 Qxd4 35. Rc7 h5 36. Rxa7 hxg4 37. hxg4 Rxg4+ 38. Kh3 Rh4+ 39. Kg3 Rh6 40. Kg2 Qh4 41. Qb7 Qh1+ 42. Kg3 Qh3+ 43. Kf4 Rf6+ 44. Ke5 Qc3+ 45. Kd6 Qc5+ 46. Kd7 Rf7+ 47. Kxe6 0-1


[Site "https://www.chess.com"]

[Event "Titled Tuesday Blitz March 29 Early 2022"]
[White "Devaev, Alexander"]
[Black "Talibov, Shiroghlan"]
[WhiteFideId "4169395"]
[BlackFideId "13429078"]
[WhiteElo "2185"]
[BlackElo "2070"]
[Result "0-1"]
[Round "01"]
[TimeControl "180+1"]
[Date "2022.03.30"]
[WhiteClock "0:00:08"]
[BlackClock "0:00:46"]

1. d4 Nf6 2. c4 e6 3. Nf3 b6 4. a3 Bb7 5. Nc3 c5 6. d5 exd5 7. cxd5 g6 8. e4 Bg7 9. Bd3 O-O 10. O-O d6 11. h3 Na6 12. Bf4 Nc7 13. Re1 a6 14. a4 Re8 15. Nd2 Nh5 16. Bh2 b5 17. axb5 Bxc3 18. bxc3 axb5 19. Rb1 Qf6 20. Bxb5 Nxb5 21. Rxb5 Bc8 22. Rb6 Ra6 23. Rxa6 Bxa6 24. Qf3 Qg5 25. Qe3 Qf6 26. c4 g5 27. Nf3 h6 28. e5 dxe5 29. Bxe5 Qg6 30. Qc1 Qd3 31. d6 Bb7 32. Re3 Qf5 33. Ba1 Rxe3 34. Qxe3 Qd7 35. Qe5 f6 36. Qxc5 Bxf3 37. gxf3 Nf4 38. Qc7 Qxh3 39. Qd8+ Kh7 40. Qe7+ Kg6 41. Qxf6+ Kh5 42. Qf7+ Kh4 43. Qxf4+ gxf4 44. c5 Qxf3 45. Bf6+ Kh3 0-1


[Site "https://www.chess.com"]

[Event "Titled Tuesday Blitz March 29 Early 2022"]
[White "Dovbnia, Nikita"]
[Black "Migot, Tangi"]
[WhiteFideId "54104599"]
[BlackFideId "662445"]
[WhiteElo "2111"]
[BlackElo "2533"]
[Result "0-1"]
[Round "01"]
[TimeControl "180+1"]
[Date "2022.03.30"]
[WhiteClock "0:00:33"]
[BlackClock "0:00:10"]

1. Nf3 e6 2. b3 b6 3. Bb2 Bb7 4. c4 Nf6 5. g3 Be7 6. Bg2 O-O 7. O-O c5 8. d4 cxd4 9. Nxd4 Bxg2 10. Kxg2 Qc8 11. Nd2 Qb7+ 12. N2f3 d5 13. cxd5 Qxd5 14. Kg1 Nc6 15. Nxc6 Qxc6 16. Rc1 Qb7 17. Qd3 Rfd8 18. Qb1 Ne4 19. Rfd1 Rac8 20. Rxd8+ Rxd8 21. Rd1 Rxd1+ 22. Qxd1 f6 23. Kf1 Ng5 24. Qd3 Qc6 25. h4 Nxf3 26. exf3 b5 27. Kg2 a5 28. h5 a4 29. bxa4 bxa4 30. g4 h6 31. Qg6 Kf8 32. Qd3 Bd6 33. Bc3 Be7 34. Bd2 e5 35. Be3 Qe6 36. Qc2 a3 37. Kh3 Qd5 38. Kg3 Kf7 39. Qg6+ Kg8 40. Qe8+ Bf8 41. Qb8 e4 42. fxe4 Qxe4 43. Bc5 Qe5+ 44. Qxe5 fxe5 45. Bxf8 Kxf8 46. Kf3 Kf7 47. Ke4 Kf6 48. f3 Ke6 49. Ke3 Kd5 50. Kd3 Kc5 51. Ke4 Kc4 52. Kxe5 Kc3 53. g5 hxg5 54. Kf5 Kb2 55. Kg6 Kxa2 56. Kxg7 Kb1 57. h6 a2 58. h7 a1=Q+ 59. Kg8 Qa8+ 60. Kg7 Qxf3 61. h8=Q Qc3+ 62. Kh7 Qxh8+ 63. Kxh8 g4 64. Kh7 g3 0-1


[Site "https://www.chess.com"]

[Event "Titled Tuesday Blitz March 29 Early 2022"]
[White "Dushyant Sharma"]
[Black "Papasimakopoulos, Alexandros"]
[WhiteFideId "25065130"]
[BlackFideId "4244125"]
[WhiteElo "2105"]
[BlackElo "2340"]
[Result "1/2-1/2"]
[Round "01"]
[TimeControl "180+1"]
[Date "2022.03.30"]
[WhiteClock "0:00:10"]
[BlackClock "0:00:03"]

1. e4 e6 2. d4 d5 3. exd5 exd5 4. Bd3 Nc6 5. Nf3 Bg4 6. c3 Bd6 7. O-O Nge7 8. Be3 Qd7 9. Nbd2 f6 10. b4 Bf5 11. Bxf5 Qxf5 12. a4 g5 13. a5 a6 14. Rb1 Qd3 15. Qb3 h5 16. Rbd1 h4 17. Ne1 Qf5 18. Qb1 Kf7 19. Qxf5 Nxf5 20. Nd3 Rae8 21. Rde1 Na7 22. Nb3 Nb5 23. Bd2 b6 24. f3 Rxe1 25. Rxe1 Ra8 26. f4 g4 27. Kf2 g3+ 28. hxg3 Nxg3 29. Kf3 Ne4 30. Rxe4 dxe4+ 31. Kxe4 Rg8 32. Kf3 Rg3+ 33. Ke4 f5+ 34. Kxf5 Rxd3 35. axb6 cxb6 36. Kg4 Nxc3 37. Bxc3 Rxc3 38. Nd2 Rd3 39. Ne4 Rxd4 40. Ng5+ Kg6 41. Ne6 Rxb4 42. Kxh4 Rxf4+ 43. g4 Rf3 44. Ng5 Bg3+ 45. Kh3 Bf4+ 46. Nxf3 Kf6 47. Kh4 b5 48. g5+ Kf5 49. Nd4+ Ke4 50. Ne6 Be5 51. g6 Kd5 52. Nc7+ Kc6 53. Nxa6 Kb6 54. Nb4 Bg7 55. Kg5 Kc5 56. Nd3+ Kc4 57. Nf4 b4 58. Ne6 Ba1 59. Nd8 b3 60. Nc6 b2 61. Na5+ Kc3 62. Nc6 b1=Q 63. Ne5 Kb2 64. Nf3 Qg1+ 65. Nxg1 Kc2 66. Nf3 Kd3 67. Ne5+ Bxe5 68. Kf5 Bc3 69. Ke6 Ke4 70. Kf7 Kf5 71. g7 Bxg7 1/2-1/2


[Site "https://www.chess.com"]

[Event "Titled Tuesday Blitz March 29 Early 2022"]
[White "Einarsson, Halldor Gretar"]
[Black "Dev, Shah"]
[WhiteFideId "2300150"]
[BlackFideId "35019058"]
[WhiteElo "2114"]
[BlackElo "2075"]
[Result "0-1"]
[Round "01"]
[TimeControl "180+1"]
[Date "2022.03.30"]
[WhiteClock "0:00:04"]
[BlackClock "0:01:15"]

1. d4 d5 2. Nf3 Nf6 3. g3 c5 4. Bg2 Nc6 5. O-O Bg4 6. Ne5 cxd4 7. Nxg4 Nxg4 8. e3 Nf6 9. exd4 e6 10. Nc3 Bd6 11. Ne2 O-O 12. Nf4 h6 13. c3 Rc8 14. Re1 b5 15. Nd3 b4 16. Bf4 bxc3 17. bxc3 Bxf4 18. Nxf4 Na5 19. Rc1 Nc4 20. Nd3 Nd7 21. Qh5 Qa5 22. Re2 Nd6 23. Rec2 Rc7 24. Nf4 Rfc8 25. Ne2 Nf6 26. Qf3 Nfe4 27. Qd3 Nb5 28. c4 Rxc4 29. Rxc4 Rxc4 30. Rxc4 Qe1+ 31. Bf1 Qxf2+ 32. Kh1 Qxf1+ 33. Ng1 Nf2# 0-1


[Site "https://www.chess.com"]

[Event "Titled Tuesday Blitz March 29 Early 2022"]
[White "Estrada Nieto, Julian"]
[Black "Murzin, Volodar"]
[WhiteFideId "5101018"]
[BlackFideId "44155573"]
[WhiteElo "2246"]
[BlackElo "2585"]
[Result "0-1"]
[Round "01"]
[TimeControl "180+1"]
[Date "2022.03.30"]
[WhiteClock "0:00:04"]
[BlackClock "0:00:07"]

1. e4 c6 2. d4 d5 3. exd5 cxd5 4. Bd3 Nc6 5. c3 g6 6. Nf3 Bf5 7. O-O Nf6 8. Re1 e6 9. Bg5 h6 10. Bh4 Be7 11. Bxf5 gxf5 12. Bxf6 Bxf6 13. Nbd2 Qd6 14. Nb3 O-O-O 15. Nc5 Rdg8 16. b4 Rg6 17. Kh1 Rhg8 18. g3 f4 19. Rg1 h5 20. Nd3 fxg3 21. fxg3 R6g7 22. b5 Ne7 23. Nde5 Bxe5 24. dxe5 Qb6 25. Nd4 h4 26. Qf3 Qc7 27. Qe3 hxg3 28. Rxg3 Ng6 29. Re1 Rh7 30. Rg5 Rgh8 31. Re2 Rh3 32. Rg3 R3h6 33. Qg5 Qc4 34. Qf6 R8h7 35. Qf2 Rxh2+ 36. Qxh2 Rxh2+ 37. Rxh2 Nxe5 38. Rh8+ Kd7 39. Rh5 Qf1+ 40. Kh2 f6 41. Rg7+ Kd6 42. Rg2 Nf3+ 43. Nxf3 Qxf3 44. Rh3 Qf4+ 45. Kg1 e5 46. Rhg3 e4 47. Rg4 Qf3 48. Kh2 e3 49. R4g3 Qh5+ 50. Kg1 Qd1+ 51. Kh2 Qe1 52. Rg4 e2 53. R4g3 Qxg3+ 54. Rxg3 e1=Q 55. Rg2 Qe5+ 56. Kg1 Qxc3 57. Kh2 Qa1 0-1


[Site "https://www.chess.com"]

[Event "Titled Tuesday Blitz March 29 Early 2022"]
[White "Fajdetic, Hrvoje"]
[Black "Koellner, Ruben Gideon"]
[WhiteFideId "14501945"]
[BlackFideId "12993093"]
[WhiteElo "2172"]
[BlackElo "2555"]
[Result "0-1"]
[Round "01"]
[TimeControl "180+1"]
[Date "2022.03.30"]
[WhiteClock "0:00:06"]
[BlackClock "0:01:03"]

1. d4 e6 2. Bf4 Nf6 3. e3 c5 4. Nd2 Nc6 5. Nc4 cxd4 6. exd4 d6 7. a4 Be7 8. c3 O-O 9. Bd3 b6 10. Nf3 Bb7 11. h4 Nd5 12. Bg5 h6 13. Bd2 f5 14. Qe2 Qd7 15. O-O Rae8 16. Rae1 Bf6 17. g3 e5 18. dxe5 dxe5 19. Bc2 e4 20. Nh2 Ne5 21. Nxe5 Bxe5 22. Bb3 Kh7 23. Rd1 Qc7 24. Rfe1 Nf6 25. Bc2 Bc6 26. Nf1 Bb7 27. Ne3 Qc8 28. Ng2 Ba6 29. Qe3 Ng4 30. Qf4 Bxf4 31. Nxf4 Qc5 32. Nh3 e3 33. fxe3 Nxe3 34. Bxe3 Rxe3 35. Kh2 Rfe8 0-1


[Site "https://www.chess.com"]

[Event "Titled Tuesday Blitz March 29 Early 2022"]
[White "Fedoseev, Vladimir"]
[Black "Plotnikov, Pavel"]
[WhiteFideId "24130737"]
[BlackFideId "4170342"]
[WhiteElo "2726"]
[BlackElo "2298"]
[Result "1-0"]
[Round "01"]
[TimeControl "180+1"]
[Date "2022.03.29"]
[WhiteClock "0:01:04"]
[BlackClock "0:00:01"]

1. e4 e6 2. d4 d5 3. e5 Ne7 4. Nf3 c5 5. dxc5 Nbc6 6. c3 Ng6 7. Be3 Ngxe5 8. Nxe5 Nxe5 9. Nd2 Qc7 10. b4 Be7 11. Bb5+ Bd7 12. Bxd7+ Qxd7 13. O-O O-O 14. a4 a5 15. Bd4 Nc6 16. b5 Nxd4 17. cxd4 e5 18. Rc1 Rfc8 19. Nf3 e4 20. c6 bxc6 21. Ne5 Qe6 22. Nxc6 Bd6 23. Qh5 g6 24. Qh4 Kg7 25. Rc3 h6 26. Rfc1 g5 27. Qh5 Rc7 28. g3 f5 29. h4 g4 30. Nd8 Rxd8 31. Rxc7+ Bxc7 32. Rxc7+ Rd7 33. Rc6 Rd6 34. Rxd6 Qxd6 35. Qxf5 e3 36. Qxg4+ Kh8 37. fxe3 Qa3 38. Qc8+ Kg7 39. Qc7+ Kh8 40. Qe5+ Kh7 41. Qf5+ Kg7 42. Qg4+ Kh8 43. Qf4 Qc1+ 44. Kg2 Qc2+ 45. Kh3 Qxa4 46. Qxh6+ Kg8 47. Qg5+ Kh7 48. Qf5+ Kh8 49. Qc8+ Kh7 50. Qc7+ Kh8 51. b6 Qd1 52. Qe5+ Kh7 53. Qf5+ Kh6 54. b7 Qh1+ 55. Kg4 Qd1+ 56. Qf3 Qd3 57. Qf4+ Kh7 58. b8=Q Qg6+ 59. Kh3 Qe6+ 60. Qg4 1-0


[Site "https://www.chess.com"]

[Event "Titled Tuesday Blitz March 29 Early 2022"]
[White "Ferreira, Vitor Hugo Vieira"]
[Black "Timofeev, Artyom"]
[WhiteFideId "2119765"]
[BlackFideId "4140419"]
[WhiteElo "2165"]
[BlackElo "2594"]
[Result "0-1"]
[Round "01"]
[TimeControl "180+1"]
[Date "2022.03.29"]
[WhiteClock "0:01:33"]
[BlackClock "0:02:42"]

1. Nf3 c5 2. g3 g6 3. Bg2 Bg7 4. O-O Nc6 5. c4 e5 6. Nc3 Nge7 7. d3 O-O 8. a3 a6 9. Rb1 Rb8 10. b4 cxb4 11. axb4 b5 12. cxb5 axb5 13. Ne1 d5 14. Nc2 Be6 15. Bd2 Qd7 16. Qc1 Rfc8 17. Bh6 Nd4 18. Bd2 Rxc3 19. Bxc3 Nxe2+ 0-1


[Site "https://www.chess.com"]

[Event "Titled Tuesday Blitz March 29 Early 2022"]
[White "Fier, Alexandr"]
[Black "Gatterer, Florian"]
[WhiteFideId "2107139"]
[BlackFideId "811688"]
[WhiteElo "2571"]
[BlackElo "2218"]
[Result "1-0"]
[Round "01"]
[TimeControl "180+1"]
[Date "2022.03.30"]
[WhiteClock "0:02:27"]
[BlackClock "0:01:41"]

1. d4 Nf6 2. Bg5 d5 3. e3 c5 4. Bxf6 gxf6 5. Nc3 Nc6 6. Qh5 e6 7. Nf3 cxd4 8. exd4 Be7 9. Bd3 f5 10. O-O Bd7 11. Rfe1 a6 12. Nxd5 exd5 13. Ng5 Rf8 14. Nxh7 1-0


[Site "https://www.chess.com"]

[Event "Titled Tuesday Blitz March 29 Early 2022"]
[White "Fiol, Fabrice"]
[Black "Kosteniuk, Alexandra"]
[WhiteFideId "611670"]
[BlackFideId "4128125"]
[WhiteElo "2432"]
[BlackElo "2469"]
[Result "0-1"]
[Round "01"]
[TimeControl "180+1"]
[Date "2022.03.30"]
[WhiteClock "0:01:20"]
[BlackClock "0:01:25"]

1. e4 c6 2. Nf3 d5 3. d3 dxe4 4. Ng5 Nf6 5. Nc3 Bg4 6. Qd2 exd3 7. Bxd3 e6 8. h3 Bh5 9. g4 Bg6 10. Bxg6 Qxd2+ 11. Bxd2 hxg6 12. O-O-O Nbd7 13. f4 Be7 14. f5 gxf5 15. gxf5 e5 16. h4 Nd5 17. Nce4 N7f6 18. c4 Nxe4 19. Nxe4 Nf6 20. Ng5 Ng4 21. Rde1 Nf2 22. Rxe5 Nd3+ 0-1


[Site "https://www.chess.com"]

[Event "Titled Tuesday Blitz March 29 Early 2022"]
[White "Gabdrakhmanov, Azat"]
[Black "Mika, Tomasz"]
[WhiteFideId "34189197"]
[BlackFideId "1132970"]
[WhiteElo "2279"]
[BlackElo "2116"]
[Result "1-0"]
[Round "01"]
[TimeControl "180+1"]
[Date "2022.03.30"]
[WhiteClock "0:00:18"]
[BlackClock "0:00:01"]

1. e4 c6 2. d4 d5 3. e5 Bf5 4. Nf3 e6 5. Be2 c5 6. O-O Nc6 7. Nc3 cxd4 8. Nb5 Bc5 9. Nbxd4 Bg4 10. Bf4 Nge7 11. c3 O-O 12. Nb3 Bb6 13. h3 Bh5 14. Qd2 Qc7 15. g4 Bg6 16. Rae1 a5 17. Kg2 a4 18. Nbd4 Be4 19. Nb5 Qb8 20. Bd3 Bxd3 21. Qxd3 Ng6 22. Bg3 Rd8 23. h4 Nf8 24. Nd6 Bc7 25. Ng5 Bxd6 26. exd6 h6 27. Nf3 Qc8 28. g5 h5 29. g6 f6 30. Nd4 Nxd4 31. cxd4 Qd7 32. Qf3 Ra6 33. Qxh5 Nxg6 34. Qxg6 Rc6 35. h5 Rc4 36. h6 Qf7 37. h7+ Kf8 38. h8=Q+ 1-0


[Site "https://www.chess.com"]

[Event "Titled Tuesday Blitz March 29 Early 2022"]
[White "Gaehwiler, Gabriel"]
[Black "Toncheva, Nadya"]
[WhiteFideId "1314530"]
[BlackFideId "2924056"]
[WhiteElo "2383"]
[BlackElo "1884"]
[Result "0-1"]
[Round "01"]
[TimeControl "180+1"]
[Date "2022.03.30"]
[WhiteClock "0:00:09"]
[BlackClock "0:00:07"]

1. d4 Nf6 2. Nf3 e6 3. c4 c5 4. g3 cxd4 5. Nxd4 a6 6. Bg2 Qc7 7. O-O Be7 8. Nc3 Nc6 9. Nc2 b6 10. Bf4 d6 11. Rc1 Bb7 12. Qd2 O-O 13. Rfd1 Rfd8 14. b3 Rac8 15. Ne3 Qb8 16. Bg5 h6 17. Bxf6 Bxf6 18. Ng4 Be7 19. h4 Ne5 20. Qf4 Nxg4 21. Qxg4 Bxg2 22. Kxg2 b5 23. cxb5 axb5 24. Qb4 Rc5 25. Ne4 Qa8 26. f3 Rxc1 27. Rxc1 d5 28. Qxe7 dxe4 29. Rc2 Qd5 30. Qc5 exf3+ 31. exf3 Qd1 32. Qf2 b4 33. Re2 Qb1 34. Rb2 Qc1 35. Rc2 Qa1 36. Rd2 Ra8 37. Qe2 Qb1 38. Rb2 Qc1 39. Rc2 Qa1 40. Qd2 Qb1 41. Kh2 Qa1 42. Rb2 Qf1 43. Qe2 Qc1 44. Kg2 Rd8 45. Rc2 Qa1 46. Rd2 Ra8 47. h5 Rc8 48. Rc2 Rd8 49. Rd2 Rc8 50. Qd3 Rc1 51. Qd8+ Kh7 52. Qd3+ Kg8 53. Kh3 Rh1+ 54. Kg4 Qe5 55. Qe4 f5+ 0-1


[Site "https://www.chess.com"]

[Event "Titled Tuesday Blitz March 29 Early 2022"]
[White "Garv Gaur"]
[Black "Kobalia, Mikhail"]
[WhiteFideId "45030839"]
[BlackFideId "4119150"]
[WhiteElo "1950"]
[BlackElo "2667"]
[Result "1-0"]
[Round "01"]
[TimeControl "180+1"]
[Date "2022.03.29"]
[WhiteClock "0:01:03"]
[BlackClock "0:00:07"]

1. d4 Nf6 2. Nf3 g6 3. c4 Bg7 4. g3 O-O 5. Bg2 d6 6. O-O Nc6 7. Nc3 Bd7 8. h3 a6 9. e4 Qc8 10. Kh2 e5 11. Be3 Re8 12. Re1 Nh5 13. dxe5 dxe5 14. Nd5 Nf6 15. Ng5 h6 16. Nf3 Nxe4 17. Qc2 f5 18. Nd2 Nd6 19. Rad1 g5 20. f4 gxf4 21. gxf4 e4 22. c5 Kh7 23. cxd6 Rg8 24. dxc7 Qf8 25. Nc4 Be6 26. Ncb6 Re8 27. Qc5 Qf7 28. Rg1 Bxb2 29. Nc4 Bxd5 30. Rxd5 Bh8 31. Nd6 Qg6 32. Nxe8 Rxe8 33. Bxe4 1-0


[Site "https://www.chess.com"]

[Event "Titled Tuesday Blitz March 29 Early 2022"]
[White "Girsh, Daniel"]
[Black "Ezat, Mohamed"]
[WhiteFideId "30949190"]
[BlackFideId "10600906"]
[WhiteElo "2224"]
[BlackElo "2386"]
[Result "0-1"]
[Round "01"]
[TimeControl "180+1"]
[Date "2022.03.30"]
[WhiteClock "0:00:05"]
[BlackClock "0:00:08"]

1. e4 c6 2. d4 d5 3. e5 c5 4. dxc5 Nc6 5. f4 h5 6. Be3 Bg4 7. Nf3 e6 8. c3 Nh6 9. h3 Bxf3 10. Qxf3 Nf5 11. Bf2 d4 12. Bb5 Rc8 13. b4 h4 14. O-O Be7 15. Rd1 O-O 16. Bxc6 bxc6 17. cxd4 a5 18. a3 Rb8 19. Qxc6 axb4 20. axb4 Rxb4 21. d5 exd5 22. Rxd5 Qb8 23. Nc3 Rxf4 24. Rb1 Qa7 25. Qb7 Qa3 26. Qb3 Qa5 27. c6 Qa8 28. Qb7 Qa3 29. Qb2 Qa6 30. Qb5 Qc8 31. Bc5 Bxc5+ 32. Qxc5 Qe6 33. c7 Qg6 34. Rd8 Rxd8 35. cxd8=Q+ Kh7 36. Qd2 Qg5 37. Rb4 Rf1+ 38. Kxf1 Qxd2 39. Rg4 Ng3+ 40. Kg1 Qe1+ 0-1


[Site "https://www.chess.com"]

[Event "Titled Tuesday Blitz March 29 Early 2022"]
[White "Golubev, Mikhail"]
[Black "Caruana, Fabiano"]
[WhiteFideId "14100983"]
[BlackFideId "2020009"]
[WhiteElo "2374"]
[BlackElo "2744"]
[Result "0-1"]
[Round "01"]
[TimeControl "180+1"]
[Date "2022.03.29"]
[WhiteClock "0:00:09"]
[BlackClock "0:01:16"]

1. e4 e6 2. d4 d5 3. Nc3 Nf6 4. Bg5 dxe4 5. Nxe4 Be7 6. Nxf6+ Bxf6 7. Bxf6 Qxf6 8. Qd2 O-O 9. O-O-O Rd8 10. Qc3 Nc6 11. Nf3 Bd7 12. Bd3 a5 13. Kb1 Nb4 14. Qxc7 Bc6 15. Qe5 Qxe5 16. Nxe5 Bxg2 17. Rhg1 Bd5 18. c4 Nxd3 19. cxd5 Nxe5 20. dxe5 exd5 21. Rd4 Rac8 22. Rgd1 Rc5 23. f4 g6 24. a4 Kf8 25. R1d3 Rd7 26. h4 Ke7 27. h5 Ke6 28. h6 Rc4 29. Rxc4 dxc4 30. Rb3 cxb3 0-1


[Site "https://www.chess.com"]